 Dungeon Crawl Stone Soup version 0.27-a0-637-g3a9f0a9c12 (webtiles) character file.

Game seed: 16918186314833033897

3870 Aggronaut the Grappler (level 10, -1/77 HPs)
             Began as a Ghoul Monk on Mar 15, 2021.
             Was an Initiate of Gozag.
             Slain by a warg (16 damage)
             ... on level 9 of the Dungeon.
             The game lasted 00:18:30 (8308 turns).

Aggronaut the Grappler (Ghoul Monk)                 Turns: 8308, Time: 00:18:31

Health: -1/77      AC:  9    Str: 18    XL:     10   Next: 19%
Magic:  9/9        EV: 13    Int:  6    God:    Gozag
Gold:   1561       SH:  3    Dex: 11    Spells: 9/9 levels left

rFire    . . .     SeeInvis .     - Unarmed
rCold    + . .     Faith    .   E - +0 buckler
rNeg     + + +     Spirit   .   y - +0 robe of the Swan {Harm Will+ Slay+3}
rPois    ∞         Reflect  .   i - +0 helmet
rElec    .         Harm     +   j - +1 cloak
rCorr    .         Rampage  .   (no gloves)
Will     +....                  (no boots)
Stlth    ++++......             (no amulet)
HPRegen  0.00/turn              D - +4 ring of protection
MPRegen  0.11/turn              (no ring)

@: gold aura
A: claws 1, cold resistance 1, negative energy resistance 3, inhibited
regeneration, torment resistance 2, unbreathing 1
a: Renounce Religion, Potion Petition, Call Merchant, Bribe Branch


You were on level 9 of the Dungeon.
You worshipped Gozag.
Gozag was most pleased with you.
You visited 1 branch of the dungeon, and saw 9 of its levels.

You collected 1561 gold pieces.

Inventory:

Missiles
 t - 8 atropa-tipped darts (quivered)
Armour
 i - a +0 helmet (worn)
 j - a +1 cloak (worn)
 y - the +0 robe of the Swan (worn) {Harm Will+ Slay+3}
   (You found it on level 6 of the Dungeon)

   It affects your accuracy and damage with ranged weapons and melee attacks
   (+3).
   It affects your willpower, your defense against some magical effects.
   It increases damage dealt and taken.
 E - a +0 buckler (worn)
Jewellery
 w - a ring of ice
 D - a +4 ring of protection (right claw)
Wands
 p - a wand of iceblast (10)
 s - a wand of polymorph (15)
 z - a wand of mindburst (24)
 A - a wand of acid (16)
Scrolls
 a - a scroll of holy word {unknown}
 c - 5 scrolls of teleportation
 f - 5 scrolls of fear
 h - a scroll of amnesia
 m - a scroll of enchant weapon
 o - 2 scrolls of magic mapping
 q - a scroll of blinking
 r - a scroll of fog
Potions
 d - 2 potions of heal wounds
 e - a potion of resistance
 g - 5 potions of curing
 k - 2 potions of cancellation
 n - a potion of invisibility
 u - a potion of attraction
 v - 2 potions of haste
 B - a potion of brilliance
 C - a potion of berserk rage {unknown}


   Skills:
 - Level 3.2 Fighting
 + Level 7.1 Dodging
 + Level 8.8 Stealth
 * Level 11.5 Unarmed Combat


You had 9 spell levels left.
You didn't know any spells.
Your spell library contained the following spells:

 Spells                   Type           Power      Damage    Failure   Level
 Confusing Touch          Hex            0%         N/A       94%         3
 Gell's Gravitas          Tloc           0%         N/A       94%         3
 Petrify                  Tmut/Erth      0%         N/A       100%        4
 Metabolic Englaciation   Hex/Ice        0%         N/A       100%        5
 Yara's Violent Unravell  Hex/Tmut       0%         3d3       100%        5


Dungeon Overview and Level Annotations

Branches:
Dungeon (9/15)             Temple (0/1) D:5            Lair (0/6) D:8
    Orc: D:9-12

Altars:
Ashenzari
Elyvilon
Fedhas
Gozag
Hepliaklqana
Makhleb
Sif Muna
Uskayaw
Wu Jian
Xom
Zin
The Shining One

Shops:
D:5 =


Innate Abilities, Weirdness & Mutations

You thrive by killing the living.
You are immune to poison.
You have sharp fingernails.
Your flesh is cold resistant. (rC+)
You are immune to negative energy. (rN+++)
You do not regenerate when monsters are visible.
You are immune to unholy pain and torment.
You can survive without breathing.


Message History

You closely miss the centaur. The centaur misses you. The warg misses you.
The orc warrior barely misses you. The centaur barely misses you.
You claw the centaur!
The centaur is severely wounded.
The warg completely misses you. The centaur barely misses you.
The orc warrior barely misses you. The warg bites you but does no damage.
You claw the centaur!
You kill the centaur!
You feel better. The warg bites you! The orc warrior barely misses you.
You claw the warg!
You kill the warg!
The warg barely misses you.
You claw the warg!
The warg is heavily wounded.
The orc warrior barely misses you. You block the warg's attack.
You mangle the warg!!
You kill the warg!
You feel better. The orc warrior barely misses you.
You closely miss the warg. The warg closely misses you.
The orc warrior hits you from afar with a +0 trident!
You mangle the warg!!
The warg is severely wounded.
The warg bites you.
The orc warrior hits you from afar with a +0 trident.
* * * LOW HITPOINT WARNING * * *
You closely miss the warg.
The warg is severely wounded.
You block the warg's attack. The warg barely misses you.
A quasit comes into view.
The warg bites you!
* * * LOW HITPOINT WARNING * * *
There is an open door here.
The warg barely misses you.
The warg stops to sniff the ground.
The warg closely misses you.
There is a stone staircase leading up here.
The warg bites you!
You die...
Your body crumbles into a pile of gold.

####################
....<....##........#
.........##........#
.........#.........#
.........#.....h@..#
.............o..[..#
.........#...#...#####
........##...##.##...##
.......##.....###.8.8.###..
.......#......o'....$..'...
.......#..#.#..#..#'#..#..
##....##.##.##.#.##$## #
####. #.#.).#.#.#.?.#


You could see a warg and an orc warrior.

Vanquished Creatures
  Grinder (D:4)
  Menkaure (D:5)
  2 wargs (D:9)
  A black bear (D:6)
  2 sky beasts
  An ice beast (D:5)
  3 orc warriors
  A necrophage (D:9)
  4 ogres
  6 centaurs
  A phantom (D:8)
  4 bullfrogs
  A scorpion (D:8)
  A howler monkey (D:4)
  A crimson imp (D:4)
  6 orc priests
  2 bullfrog skeletons
  A jelly (D:6)
  Crazy Yiuf (D:3)
  6 hounds
  Jessica (D:3)
  3 iguanas
  4 worker ants
  12 orc wizards
  A killer bee zombie (D:8)
  2 hound zombies
  A howler monkey zombie (D:7)
  A howler monkey skeleton (D:7)
  10 adders
  A shadow imp (D:6)
  3 white imps
  4 ufetubi
  An ooze (D:2)
  2 worms (D:4)
  2 dart slugs
  6 leopard geckos
  37 orcs
  6 bats
  A giant cockroach (D:2)
  10 goblins
  4 hobgoblins
  13 jackals
  A quokka (D:5)
  4 ball pythons
  6 frilled lizards
  4 kobolds
  A leopard gecko skeleton (D:4)
  A quokka zombie (D:7)
  7 rats
  A spectral goblin (D:3)
196 creatures vanquished.

Vanquished Creatures (others)
  A goblin (D:3)
  5 plants (D:9)
6 creatures vanquished.

Grand Total: 202 creatures vanquished

Notes
Turn   | Place    | Note
-------+----------+-------------------------------------------
     0 | D:1      | Aggronaut the Ghoul Monk began the quest for the Orb.
     0 | D:1      | Reached XP level 1. HP: 19/19 MP: 0/0
   291 | D:1      | Reached XP level 2. HP: 24/26 MP: 1/1
   842 | D:2      | Reached skill level 4 in Unarmed Combat
   915 | D:2      | Reached XP level 3. HP: 24/31 MP: 2/2
  1245 | D:2      | Found an opulent altar of Gozag.
  1272 | D:2      | Became a worshipper of Gozag Ym Sagoz the Greedy
  1280 | D:2      | Reached XP level 4. HP: 31/38 MP: 3/3
  1490 | D:2      | Reached skill level 5 in Unarmed Combat
  1490 | D:2      | Reached XP level 5. HP: 38/45 MP: 4/4
  1973 | D:3      | Noticed Jessica
  1978 | D:3      | Killed Jessica
  2124 | D:3      | Found a runed translucent door.
  2125 | D:3      | Noticed Crazy Yiuf
  2137 | D:3      | Killed Crazy Yiuf
  2138 | D:3      | Reached XP level 6. HP: 24/51 MP: 5/5
  2874 | D:3      | Found a hazy altar of Hepliaklqana.
  3015 | D:4      | Noticed Grinder
  3024 | D:4      | Paralysed by Grinder for 4 turns
  3071 | D:4      | Paralysed by Grinder for 7 turns
  3081 | D:4      | Killed Grinder
  3082 | D:4      | Reached skill level 6 in Unarmed Combat
  3082 | D:4      | Reached XP level 7. HP: 29/57 MP: 6/6
  3307 | D:4      | Reached skill level 5 in Stealth
  3539 | D:4      | Found a burning altar of Makhleb.
  3577 | D:4      | Reached skill level 7 in Unarmed Combat
  3776 | D:5      | Entered Level 5 of the Dungeon
  3955 | D:5      | Noticed Menkaure
  3963 | D:5      | Killed Menkaure
  3964 | D:5      | Reached XP level 8. HP: 63/63 MP: 7/7
  4045 | D:5      | Found a staircase to the Ecumenical Temple.
  4093 | D:5      | Found a hide-covered altar of Uskayaw.
  4102 | D:5      | Reached skill level 8 in Unarmed Combat
  4112 | D:5      | Reached skill level 5 in Dodging
  4160 | D:5      | Found a blossoming altar of Fedhas.
  4177 | D:5      | Found a shimmering altar of Xom.
  4382 | D:5      | Found Hynuurhe's Jewellery Shoppe.
  5191 | D:6      | Reached skill level 9 in Unarmed Combat
  5316 | D:6      | Identified the +0 robe of the Swan {Harm Will+ Slay+3}
  5603 | D:6      | Reached XP level 9. HP: 65/70 MP: 8/8
  6020 | D:7      | Reached skill level 10 in Unarmed Combat
  6357 | D:7      | Found a broken altar of Ashenzari.
  6833 | D:8      | Found a staircase to the Lair.
  7539 | D:8      | Found an ornate altar of the Wu Jian Council.
  7574 | D:8      | Reached skill level 11 in Unarmed Combat
  7855 | D:8      | Reached XP level 10. HP: 77/77 MP: 9/9
  7856 | D:8      | Found a shimmering blue altar of Sif Muna.
  8308 | D:9      | Slain by a warg

Illustrated notes

Levels and vault maps discovered:
D:1:      minmay_arrival_glassed_features, layout_loops_ring, tso_altar
D:2:      layout_loops_corners, nicolae_gozag_cash_rules_everything_around_me
D:3:      layout_loops_ring, nicolae_hepliaklqana_monster_ancestors,
          uniq_jessica, uniq_crazy_yiuf_cottage
D:4:      layout_rooms, makhleb_grotto_becter, uniq_grinder
D:5:      layout_rooms, grunt_temple_overflow_cloverleaf,
          minmay_temple_entry_statues_pillars, serial_shops, shop, uniq_menkaure
D:6:      layout_basic
D:7:      layout_rooms, evilmike_ruin_ashenzari, kennysheep_little_box
D:8:      layout_loops_corners, nicolae_wu_jian_immortal_techniques,
          lair_entry_dummy, tgw_sif
D:9:      layout_roguey, david_orc_1_choice, serial_shops, shop,
          corner_web_ring, serial_bayou_crossing

Skill      XL: |  1  2  3  4  5  6  7  8  9 10 |
---------------+-------------------------------+-----
Unarmed Combat | 4 5 6 7 9 11 | 11.5
Dodging        | 3 4 5 6 7 |  7.1
Stealth        | 3 4 5 6 8 |  8.8
Fighting       | |  3.2

Action                   |  1- 3 |  4- 6 |  7- 9 | 10-12 || total
-------------------------+-------+-------+-------+-------++-------
Melee: Unarmed           |   103 |   170 |   390 |    34 ||   697
       Punch             |     1 |     1 |     8 |       ||    10
Evoke: Wand              |       |     1 |     1 |       ||     2
  Use: Potion            |       |     1 |       |       ||     1
       Scroll            |       |       |    15 |       ||    15
 Stab: Sleeping          |     5 |     1 |    11 |     3 ||    20
       Distracted        |       |     1 |     1 |       ||     2
Armor: Robe              |    25 |       |    11 |     9 ||    45
       Ring mail         |    11 |    76 |    98 |       ||   185
Dodge: Dodged            |    79 |    92 |   196 |    23 ||   390
Block: Buckler           |       |       |     2 |     5 ||     7

Table legend: (Time is in decaauts)
 A = Elapsed time spent in this place.
 B = Non-inter-level travel time spent in this place.
 C = Inter-level travel time spent in this place.
 D = Time resting spent in this place.
 E = Time spent auto-exploring this place.
 F = Levels seen in this place.
 G = Mean time per level.
                   A        B        C        D        E       F      G
               +--------+--------+--------+--------+--------+-----+--------+
         Total |   8195 |   8027 |    168 |   1687 |   4287 |   9 |  910.6 |
       Dungeon |   8195 |   8027 |    168 |   1687 |   4287 |   9 |  910.6 |
               +--------+--------+--------+--------+--------+-----+--------+

Top non-repeatable levels by time:
     D:8: 1515 daAuts
     D:6: 1169 daAuts
     D:2: 1136 daAuts
     D:3: 1049 daAuts
     D:5: 1014 daAuts
     D:4: 803 daAuts
     D:1: 731 daAuts
     D:7: 642 daAuts
     D:9: 132 daAuts
